Workbook

Sheet Clients
A1: Société | B1: Adresse | C1: CP | D1: Ville | E1: Pays | F1: N° Intracommunautaire communiqué
A2: Amoranzoni | B2: 115 via Luigi | C2: 5407 | D2: Roma | E2: Italie | F2: IT 09 568 741 258
A3: Amiral | B3: 22 rue Jean Jaurès | C3: 68600 | D3: Dessenheim | E3: France | F3: Particulier
A4: Catero | B4: 111 cale Réal | C4: 11000 | D4: Madrid | E4: Espagne | F4: ES 02 336 480 030
A5: Cattia | B5: 43 calle de Sporto | C5: 11200 | D5: Valencia | E5: Espagne | F5: ES 02 559 663 411
A6: Constructil | B6: Zolligerstrasse 27 | C6: 8032 | D6: Zurich | E6: Suisse
A7: Elan | B7: 16 rue de la Jonchère | C7: 68740 | D7: Munch House | E7: France
A8: Faezza | B8: 101 calle de Flore | C8: 4000 | D8: Liège | E8: Belgique | F8: BE 21 447 852 236
A9: Guibier | B9: 8 Place de l’hôtel de ville | C9: 68250 | D9: Munwiller | E9: France
A10: Kariste | B10: 19 Avenue François Mitterand | C10: 68490 | D10: Bantzenheim | E10: France | F10: Particulier
A11: Klaper-Bau | B11: Bergstrasse 22 | C11: 20253 | D11: Hamburg | E11: Allemagne | F11: DE 45 542 136 994
A12: Mounier | B12: 15 rue Lavalles | C12: 75000 | D12: Paris | E12: France
A13: Nascito | B13: 52 calle Inzi | C13: 19121 | D13: La Spezia | E13: Italie | F13: Particulier
A14: Padzekas | B14: Salsburg | C14: 5771 | D14: Leogang | E14: Autriche | F14: AT 22 336 669 885
A15: Prossomo | B15: Impasse du Berger | C15: L-9142 | D15: Burden | E15: Luxembourg | F15: LU 15 669 995 520
A16: Siprava | B16: 413 via Primavera | C16: 9000 | D16: Roma | E16: Italie | F16: IT 11 658 442 154
A17: Vancetel | B17: 169 rue Baudoin | C17: 1500 | D17: Bruges | E17: Belgique | F17: Particulier
A18: Vandemol | B18: Bergplatz 52 | C18: 5520 | D18: Antwerp | E18: Belgique | F18: Particulier
A19: Vitari | B19: 65 rue de Soissons | C19: 68740 | D19: Munch House | E19: France
A20: Zinnani | B20: 79 via Marana | C20: 6650 | D20: Napoli | E20: Italie | F20: Particulier

Sheet Produits
A1: Matrice produits
A2: Référence Produit | B2: Désignation | C2: Prix Unitaire H.T.
A3: P001 | B3: Parpaings creux 10*20*50 | C3: 0.9
A4: P002 | B4: Parpaings creux 15*20*50 | C4: 1.15
A5: P003 | B5: Parpaings creux 20*20*50 | C5: 1.25
A6: P004 | B6: Parpaings creux 25*20*50 | C6: 1.9
A7: P005 | B7: Parpaings poteaux 15*20*50 | C7: 1.55
A8: P006 | B8: Parpaings poteaux 20*20*50 | C8: 1.6
A9: P007 | B9: Parpaings chainage 15*20*50 | C9: 1.55
A10: P008 | B10: Parpaings chainage 20*20*50 | C10: 1.65
A11: CHB01 | B11: Chaux blanche sac 25 kgs | C11: 12.5
A12: CHG02 | B12: Chaux grise sac 25 kgs | C12: 10.55
A13: MR03 | B13: Mortier sac 35 kgs | C13: 8.65
A14: C001 | B14: Ciment prompt sac 25 kgs | C14: 17.27
... A23: RN004 | B23: Rondin rouge 6*20*50 | C23: 2.2

Sheet Fichier des commandes
A1: Matrice commandes
A2: Numéro commande | B2: Date de la commande | C2: Date de la facture | D2: Société | E2: Paiement | F2: Acompte versé à la commande (en €)
A3: C1112-1 | B3: 43374 | C3: 43407 | D3: Klaper-Bau | E3: 30 JFDM | F3: 100
A4: C1112-2 | B4: 43388 | C4: 43409 | D4: Constructil | E4: 30 JFDM | F4: 800
A5: C1112-3 | B5: 43407 | C5: 43409 | D5: Nascito | E5: 60 JFDM | F5: 0
A6: C1112-4 | B6: 43398 | C6: 43411 | D6: Amiral | E6: Comptant | F6: 100
A7: C1112-5 | B7: 43398 | C7: 43411 | D7: Kariste | E7: Comptant | F7: 1200
A8: C1112-6 | B8: 43413 | C8: 43415 | D8: Nascito | E8: Comptant | F8: 0
A9: C1112-7 | B9: 43405 | C9: 43415 | D9: Guibier | E9: 30 jours | F9: 250
A10: C1112-8 | B10: 43412 | C10: 43419 | D10: Vandemol | E10: Comptant | F10: 100
A11: C1112-9 | B11: 43415 | C11: 43419 | D11: Catero | E11: 43434 | F11: 0
A12: C1112-10 | B12: 43419 | C12: 43424 | D12: Vitari | E12: 43434 | F12: 150
A13: C1112-11 | B13: 43419 | C13: 43424 | D13: Vitari | E13: 43434 | F13: 250
A14: C1112-12 | B14: 43419 | C14: 43430 | D14: Zinnani | E14: Comptant | F14: 0
A15: C1112-13 | B15: 43419 | C15: 43430 | D15: Kariste | E15: Comptant | F15: 0
A16: C1112-14 | B16: 43419 | C16: 43432 | D16: Kariste | E16: Comptant | F16: 400
A17: C1112-15 | B17: 43420 | C17: 43434 | D17: Nascito | E17: Comptant | F17: 100

Sheet Commandes passées
A1: Détail des commandes du mois
A2: Numéro commande | B2: Réf. Pdt 1 | C2: Q | D2: Réf. Pdt 2 | E2: Q | F2: Réf. Pdt 3 | G2: Q | H2: Réf. Pdt 4 | I2: Q | J2: Réf. Pdt 5 | K2: Q
A3: C1112-1 | B3: P001 | C3: 260 | D3: C002 | E3: 10 | F3: - | G3: - | H3: - | I3: - | J3: - | K3: -
A4: C1112-2 | B4: P003 | C4: 850 | D4: P007 | E4: 100 | F4: MR03 | G4: 8 | H4: PREL1 | I4: 22 | J4: CHB01 | K4: 2
A5: C1112-3 | B5: P008 | C5: 12 | D5: P002 | E5: 80 | F5: - | G5: - | H5: - | I5: - | J5: - | K5: -
A6: C1112-4 | B6: RN001 | C6: 50 | D6: RN002 | E6: 100 | F6: - | G6: - | H6: - | I6: - | J6: - | K6: -
A7: C1112-5 | B7: P003 | C7: 2500 | D7: P007 | E7: 500 | F7: C002 | G7: 300 | H7: - | I7: - | J7: - | K7: -
A8: C1112-6 | B8: CHB01 | C8: 8 | D8: CHG02 | E8: 8 | F8: - | G8: - | H8: - | I8: - | J8: - | K8: -
A9: C1112-7 | B9: C003 | C9: 3 | D9: RN004 | E9: 25 | F9: - | G9: - | H9: - | I9: - | J9: - | K9: -
A10: C1112-8 | B10: RN001 | C10: 10 | D10: RN002 | E10: 10 | F10: RN003 | G10: 10 | H10: RN004 | I10: 10 | J10: RN005 | K10: 10
A11: C1112-9 | B11: PREL1 | C11: 50 | D11: - | E11: - | F11: - | G11: - | H11: - | I11: - | J11: - | K11: -
A12: C1112-10 | B12: C001 | C12: 12 | D12: C002 | E12: 12 | F12: C003 | G12: 12 | H12: - | I12: - | J12: - | K12: -
A13: C1112-11 | B13: P003 | C13: 560 | D13: P007 | E13: 85 | F13: MR03 | G13: 60 | H13: PREL1 | I13: 12 | J13: CHB01 | K13: 4
A14: C1112-12 | B14: P008 | C14: 8 | D14: PREL1 | E14: 10 | F14: - | G14: - | H14: - | I14: - | J14: - | K14: -
A15: C1112-13 | B15: P002 | C15: 500 | D15: P007 | E15: 80 | F15: CHG02 | G15: 4 | H15: - | I15: - | J15: - | K15: -
A16: C1112-14 | B16: RN004 | C16: 100 | D16: P001 | E16: 100 | F16: P002 | G16: 50 | H16: CHG02 | I16: 12 | J16: - | K16: -
A17: C1112-15 | B17: RN004 | C17: 120 | D17: RN003 | E17: 120 | F17: - | G17: - | H17: - | I17: - | J17: - | K17: -

Sheet Facture
A2: Coordonnées GOTHAM
D3: Date facture | E3: =VLOOKUP(B10,'Fichier des commandes'!A1:F17,3,FALSE) -> 43411
D6: Nom Société | E6: =VLOOKUP($B$10,'Fichier des commandes'!A3:F17,4,FALSE) -> Amiral
D7: Rue | E7: =VLOOKUP(Facture!$E$6,Clients!$A$1:$F$20,2,FALSE) -> 22 rue Jean Jaurès
D8: Code postal | E8: =VLOOKUP($E$6,Clients!$A$1:$F$20,3,FALSE) -> 68600
D9: Ville | E9: =VLOOKUP($E$6,Clients!$A$1:$F$20,4,FALSE) -> Dessenheim
A10: Numéro commande | B10: C1112-4 | D10: Pays | E10: =VLOOKUP($E$6,Clients!$A$1:$F$20,5,FALSE) -> France
A11: Date commande | B11: =VLOOKUP(Facture!$B$10,'Fichier des commandes'!$A$1:$F$17,2,FALSE) -> 43398 | D11: N° intracommunau-taire | E11: =IFERROR(VLOOKUP($E$6,Clients!$A$1:$F$20,6,FALSE),"") -> Particulier
A12: Échéance | B12: =VLOOKUP(Facture!$B$10,'Fichier des commandes'!$A$2:$F$17,5,FALSE) -> Comptant
G13: Conditions d'octroi des remises
G14: Taux de remise | H14: Montant brut
G15: 0 | H15: Inférieur à 1000€ HT
A16: Référence produit | B16: Désignation | C16: P.U | D16: Quantité | E16: Montant | G16: 0.02 | H16: Entre 1000€ HT et 5000 HT
A17: =IFERROR(VLOOKUP(Facture!$B$10,'Commandes passées'!$A$3:$K$17,2,FALSE),"") -> RN001 | B17: =IFERROR(VLOOKUP($A$17,Produits!$A$1:$C$23,2,FALSE),"") -> Rondin gris 6*25*100 | C17: =IFERROR(VLOOKUP($A$17,Produits!$A$1:$C$23,3,FALSE),"") -> 4.9 | D17: =IFERROR(VLOOKUP($B$10,'Commandes passées'!$A$3:$K$17,3,FALSE),"") -> 50 | E17: =IFERROR(C17*D17,"") -> 245 | G17: 0.03 | H17: Supérieur à 5000€ HT
A18: =IFERROR(VLOOKUP(Facture!$B$10,'Commandes passées'!$A$3:$K$17,4,FALSE),"") -> RN002 | B18: =IFERROR(VLOOKUP($A$18,Produits!$A$1:$C$23,2,FALSE),"") -> Rondin sable 6*25*100 | C18: =IFERROR(VLOOKUP($A$18,Produits!$A$1:$C$23,3,FALSE),"") -> 4.9 | D18: =IFERROR(VLOOKUP($B$10,'Commandes passées'!$A$3:$K$17,5,FALSE),"") -> 100 | E18: =IFERROR(C18*D18,"") -> 490
A19: =IFERROR(VLOOKUP(Facture!$B$10,'Commandes passées'!$A$3:$K$17,6,FALSE),"") -> - | B19: =IFERROR(VLOOKUP($A$19,Produits!$A$1:$C$23,2,FALSE),"") | C19: =IFERROR(VLOOKUP($A$19,Produits!$A$1:$C$23,3,FALSE),"") | D19: =IFERROR(VLOOKUP($B$10,'Commandes passées'!$A$3:$K$17,7,FALSE),"") -> - | E19: =IFERROR(C19*D19,"") | G19: Conditions d'octroi des escomptes
A20: =IFERROR(VLOOKUP(Facture!$B$10,'Commandes passées'!$A$3:$K$17,8,FALSE),"") -> - | B20: =IFERROR(VLOOKUP($A$20,Produits!$A$1:$C$23,2,FALSE),"") | C20: =IFERROR(VLOOKUP($A$20,Produits!$A$1:$C$23,3,FALSE),"") | D20: =IFERROR(VLOOKUP($B$10,'Commandes passées'!$A$3:$K$17,9,FALSE),"") -> - | E20: =IFERROR(C20*D20,"") | G20: Taux d'escompte | H20: Paiement
A21: =IFERROR(VLOOKUP(Facture!$B$10,'Commandes passées'!$A$3:$K$17,10,FALSE),"") -> - | B21: =IFERROR(VLOOKUP($A$21,Produits!$A$1:$C$23,2,FALSE),"") | C21: =IFERROR(VLOOKUP($A$21,Produits!$A$1:$C$23,3,FALSE),"") | D21: =IFERROR(VLOOKUP($B$10,'Commandes passées'!$A$3:$K$17,11,FALSE),"") -> - | E21: =IFERROR(C21*D21,"") | G21: 0.02 | H21: Jour de la facture
D23: Brut | E23: =SUM(E17:E21) -> 735 | G23: Tarif des frais de port
D24: Remise | E24: =IF($E$23<1000,$E$23*0,IF($E$23>5000,$E$23*0.03,$E$23*0.02)) -> 0 | G24: Montant du port | H24: Lieu de livraison et conditions
D25: Net commercial | E25: =$E$23-$E$24 -> 735 | G25: 40€ HT | H25: France - Montant brut inférieur à 1000€ HT
D26: Escompte | E26: =IF(B12="Comptant",Facture!E25*0.02,Facture!E25*0) -> 14.7 | G26: 70€ HT | H26: France - Montant brut supérieur à 1000 € HT
D27: Net financier | E27: =$E$25-$E$26 -> 720.3 | G27: 80 € HT | H27: Union européenne
D28: Frais de port | E28: =IF(AND($E$10="France",$E$27<1000),40,IF(AND($E$10="France",$E$27>=1000),70,80)) -> 40 | G28: 100 € HT | H28: Hors Union européenne
D29: Net HT
D30: TVA 20% | E30: =$E$29*0.2 -> 0
D31: Net TTC
D32: Acompte
D33: Net à payer
